 Dungeon Crawl Stone Soup version 0.24.1-8-ga250c9d538 (webtiles) character file.

Game seed: 11190468864665788622, levelgen mode: deterministic

291 Peloso the Shield-Bearer (level 6, -3/52 HPs)
             Began as a Ghoul Fighter on May 3, 2020.
             Slain by a crocodile (11 damage)
             ... in a sewer.
             The game lasted 00:04:11 (1882 turns).

Peloso the Shield-Bearer (Ghoul Fighter)            Turns: 1882, Time: 00:04:11

Health: -3/52      AC: 12    Str: 20    XL:     6   Next: 32%
Magic:  5/5        EV:  5    Int:  8    God:
Gold:   82         SH:  9    Dex: 10    Spells: 5/5 levels left

rFire    . . .     SeeInvis .   a - +0 long sword
rCold    + . .     Gourm    .   c - +0 shield
rNeg     + + +     Faith    .   s - +2 chain mail {rN+}
rPois    ∞         Spirit   .   (no helmet)
rElec    .         Reflect  .   j - +0 cloak (curse)
rCorr    .         Harm     .   (no gloves)
MR       .....                  (no boots)
Stlth    ..........             (no amulet)
HPRegen  0.00/turn              h - ring of wizardry
MPRegen  0.09/turn              (no ring)

@: brilliant, rotting
A: rotting body, claws 1, carnivore, cold resistance 1, negative energy
resistance 3, inhibited regeneration, torment resistance, unbreathing
a: no special abilities


You were in a sewer.
You were not hungry.

You visited 1 branch of the dungeon, and saw 3 of its levels.
You also visited: Sewer.

You collected 82 gold pieces.

Inventory:

Hand Weapons
 a - a +0 long sword (weapon)
Armour
 b - a +0 scale mail
 c - a +0 shield (worn)
 j - a cursed +0 cloak (worn)
 s - a +2 chain mail of positive energy (worn)
Jewellery
 h - a ring of wizardry (left claw)
Scrolls
 e - 3 scrolls of remove curse {unknown}
 g - a scroll of random uselessness
 i - 2 scrolls of teleportation {unknown}
 k - a scroll of identify
 l - a scroll of enchant armour {unknown}
 m - a scroll of amnesia {unknown}
 n - a scroll of fear {unknown}
 q - a scroll of enchant weapon {unknown}
 r - a scroll of noise {unknown}
Comestibles
 d - a chunk of flesh
 f - 3 rations


   Skills:
 + Level 4.1 Fighting
 + Level 3.7 Long Blades
 + Level 3.4 Armour
 + Level 0.8 Dodging
 + Level 4.1 Shields


You had 5 spell levels left.
You didn't know any spells.
Your spell library was empty.

Dungeon Overview and Level Annotations

Branches:
Dungeon (3/15)              Sewer (1/1)

Altars:
Dithmenos
Gozag
The Shining One


Innate Abilities, Weirdness & Mutations

Your body is rotting away.
You thrive on raw meat.
You are immune to poison.
You have sharp fingernails.
You are carnivorous and can eat meat at any time.
Your flesh is cold resistant. (rC+)
You are immune to negative energy. (rN+++)
You do not regenerate when monsters are visible.
You are immune to unholy pain and torment.
You can survive without breathing.


Message History

You feel better. The crocodile bites you.
* * * LOW HITPOINT WARNING * * *
You feel clever all of a sudden. You block the crocodile's attack.
Unknown command.
You slash the crocodile!
The crocodile is heavily wounded.
The crocodile bites you.
* * * LOW HITPOINT WARNING * * *
You hit the crocodile.
The crocodile is severely wounded.
You block the crocodile's attack.
You barely miss the crocodile.
The crocodile is severely wounded.
You block the crocodile's attack.
The crocodile bites you but does no damage.
You closely miss the crocodile.
The crocodile is severely wounded.
The crocodile bites you!
You die...

# # # # ########
## ###....≈.### .#
###.≈≈≈..≈.@t# .#
###.≈...####≈...≈#
≈###.....###
###.≈≈≈.#
.≈...≈≈≈## #≈≈≈≈..
.###.....# ≈.≈.##
.# ###....≈#
..##≈: .# ###.≈≈..
## ( ## ##... #
###


You could see a crocodile.

Vanquished Creatures
  Sigmund (D:2)
  An orc wizard (D:3)
  2 adders
  5 worms
  A leopard gecko (D:3)
  4 orcs (D:3)
  6 giant cockroaches
  8 goblins
  6 hobgoblins
  5 jackals
  7 kobolds
  2 quokkas (D:2)
  6 bats
  3 frilled lizards
  6 rats
63 creatures vanquished.

Notes
Turn   | Place    | Note
-------+----------+-------------------------------------------
     0 | D:1      | Peloso the Ghoul Fighter began the quest for the Orb.
     0 | D:1      | Reached XP level 1. HP: 19/19 MP: 0/0
   153 | D:1      | Reached XP level 2. HP: 25/26 MP: 1/1
   905 | D:2      | Reached XP level 3. HP: 29/31 MP: 2/2
   950 | D:2      | Found a shadowy altar of Dithmenos.
  1177 | D:2      | Found a glowing golden altar of the Shining One.
  1271 | D:2      | Noticed Sigmund
  1279 | D:2      | Killed Sigmund
  1279 | D:2      | Reached XP level 4. HP: 24/40 MP: 3/3
  1279 | D:2      | Reached XP level 5. HP: 27/46 MP: 4/4
  1346 | D:2      | Found an opulent altar of Gozag.
  1406 | D:2      | Reached XP level 6. HP: 51/52 MP: 5/5
  1778 | D:3      | Found a glowing drain.
  1802 | Sewer    | Entered a sewer
  1882 | Sewer    | Slain by a crocodile

Levels and vault maps discovered:
D:1:      scummos_arrival_hexagon, layout_basic
D:2:      layout_rooms, marbit_many_paths, nicolae_overflow_crystal_walls,
          overflow_temple_1_default, kennysheep_generic_room_5, uniq_sigmund
D:3:      layout_loops_cross, cheibrodos_sewer_entry_drain, uniq_robin
Sewer:    sewer_the_crocodile

Skill      XL: |  1  2  3  4  5  6 |
---------------+-------------------+-----
Shields        | 3 4 |  4.1
Long Blades    | 2 3 |  3.7
Fighting       | 4 |  4.1
Armour         | 3 |  3.4
Dodging        | |  0.8

Action                   |  1- 3 |  4- 6 || total
-------------------------+-------+-------++-------
Melee: Long sword        |   127 |   121 ||   248
  Use: Potion            |     2 |     2 ||     4
       Scroll            |       |     4 ||     4
  Eat: Chunk             |     2 |     4 ||     6
Armor: Scale mail        |    62 |    25 ||    87
       Chain mail        |       |    27 ||    27
Dodge: Dodged            |    47 |    37 ||    84
Block: Shield            |    69 |    68 ||   137
       Rpst.: Long sword |    19 |    15 ||    34
